FSL
LAKELAND PILOTS @ ST. PETERSBURG SAINTS
07/04/1982
 
TOP OF THE 1ST
Lakeland Pilots batting - Pitching for St. Petersburg Saints : LHP Gregory Coughlin
Pitching: LHP Gregory Coughlin
Batting: RHB Nick Capra 0-0: Swinging Strike
0-1: Ball
1-1: Called Strike
1-2: Strikes out looking
Batting: RHB Dave C Anderson 0-0: Foul Ball, location: 2F
0-1: Foul Ball, location: 2F
0-2: Ball
1-2: Foul Ball, location: 2F
1-2: Foul Ball, location: 2F
1-2: SINGLE (Groundball, 6D, EV 103.1 MPH)
Batting: SHB Mike D Young 0-0: Fly out, F7 (Flyball, 78S, EV 81.9 MPH)
Batting: LHB Mike Laga 0-0: Ball
1-0: Foul Ball, location: 2F
1-1: Ball
2-1: SINGLE (Groundball, 13S, EV 69.4 MPH) (infield hit)
Dave C Anderson to second
Batting: RHB Rusty Tillman 0-0: Reached via error on a dropped throw from 2B, E3 (Groundball, 4, EV 86.9 MPH)
Dave C Anderson to third
Mike Laga to second
Batting: LHB Larry Ray 0-0: Called Strike
0-1: Ball
1-1: Ball
2-1: Foul Ball, location: 2F
2-2: Ground out 4-3 (Groundball, 4, EV 85.0 MPH)
Top of the 1st over - 0 runs, 2 hits, 1 error, 3 left on base; Lakeland 0 - St. Petersburg 0
BOTTOM OF THE 1ST
St. Petersburg Saints batting - Pitching for Lakeland Pilots : LHP Mike J Ramsey
Pitching: LHP Mike J Ramsey
Batting: LHB Omar de la Torre 0-0: Ball
1-0: Foul Ball, location: 2F
1-1: Ball
2-1: SINGLE (Line Drive, 9S, EV 99.4 MPH)
Batting: LHB Al Leboeuf 0-0: Foul Ball, location: 2F
0-1: Ball
1-1: Ball
2-1: Called Strike
2-2: Ball
3-2: Fly out, F8 (Flyball, 89XD, EV 78.8 MPH)
Batting: LHB Terry Blocker 0-0: Fly out, F8 (Flyball, 8RD, EV 78.8 MPH)
Pitching: RHP Julio Acevedo
Batting: RHB Rock Coyle 0-0: Fly out, F8 (Flyball, 8RS, EV 81.3 MPH)
Bottom of the 1st over - 0 runs, 1 hit, 0 errors, 1 left on base; Lakeland 0 - St. Petersburg 0
TOP OF THE 2ND
Lakeland Pilots batting - Pitching for St. Petersburg Saints : LHP Gregory Coughlin
Batting: RHB Vernon Armstead 0-0: Ball
1-0: Ball
2-0: SINGLE (Popup, 3D, EV 56.3 MPH)
Batting: SHB Alphonso Eiland 0-0: Called Strike
0-1: Ball
1-1: Ball
Vernon Armstead steals 2nd base
2-1: SINGLE (Groundball, 5D, EV 98.8 MPH)
Vernon Armstead to third
Runner from 3rd tries for Home, SAFE, throw by LF to home
Batting: RHB Dennis Delany 0-0: Called Strike
0-1: Ball
1-1: Ball
2-1: SINGLE (Flyball, 3D, EV 93.8 MPH)
Alphonso Eiland to second
Batting: RHB Nick Capra 0-0: Ball
1-0: Ball
2-0: Sac Bunt to 23 - play at first, batter OUT! 3-4
Alphonso Eiland to third
Dennis Delany to second
Batting: RHB Dave C Anderson 0-0: Ground out 5-3 (Groundball, 5S, EV 83.8 MPH)
Batting: SHB Mike D Young 0-0: Ball
1-0: Ball
2-0: Ball
3-0: Called Strike
3-1: Base on Balls
Batting: LHB Mike Laga 0-0: Called Strike
0-1: Called Strike
0-2: Strikes out looking
Top of the 2nd over - 1 run, 3 hits, 0 errors, 3 left on base; Lakeland 1 - St. Petersburg 0
BOTTOM OF THE 2ND
St. Petersburg Saints batting - Pitching for Lakeland Pilots : RHP Julio Acevedo
Batting: RHB Ric Despaux 0-0: Swinging Strike
0-1: Ball
1-1: Ball
2-1: Foul Ball, location: 2F
2-2: Strikes out swinging
Batting: RHB Jerry Johnson 0-0: Ball
1-0: Foul Ball, location: 2F
1-1: SINGLE (Line Drive, 56D, EV 105.6 MPH)
Batting: RHB Randy Ingle 0-0: Called Strike
0-1: Ball
1-1: Fielders Choice at 2nd, 2-4 (Groundball, 2L, EV 67.5 MPH)
Batting: RHB Roberto Alvarez 0-0: Swinging Strike
0-1: Ball
1-1: Called Strike
1-2: SINGLE (Line Drive, 56D, EV 100.6 MPH)
Randy Ingle to second
Batting: RHB Pablo Carballo 0-0: Ball
1-0: Ground out 3-1 (Groundball, 34S, EV 88.1 MPH)
Bottom of the 2nd over - 0 runs, 2 hits, 0 errors, 2 left on base; Lakeland 1 - St. Petersburg 0
TOP OF THE 3RD
Lakeland Pilots batting - Pitching for St. Petersburg Saints : LHP Gregory Coughlin
Batting: RHB Rusty Tillman 0-0: Foul Ball, location: 2F
0-1: Ball
1-1: Ball
2-1: Called Strike
2-2: Fly out, F4 (Line Drive, 4, EV 71.9 MPH)
Batting: LHB Larry Ray 0-0: Ball
1-0: Called Strike
1-1: Swinging Strike
1-2: SINGLE (Line Drive, 89M, EV 103.8 MPH)
Batting: RHB Vernon Armstead 0-0: Fly out, F7 (Line Drive, 7, EV 99.4 MPH)
Batting: SHB Alphonso Eiland 0-0: SINGLE (Flyball, 7LS, EV 83.1 MPH)
Larry Ray to second
Batting: RHB Dennis Delany 0-0: Ball
1-0: Swinging Strike
1-1: Ball
2-1: Ball
3-1: Base on Balls
Larry Ray to third
Alphonso Eiland to second
Batting: RHB Nick Capra 0-0: SINGLE (Groundball, 6MD, EV 106.3 MPH)
Larry Ray scores
Alphonso Eiland to third
Dennis Delany to second
Runner from 3rd tries for Home, SAFE, throw by CF to home
Batting: RHB Dave C Anderson 0-0: Ball
1-0: Swinging Strike
1-1: Ball
2-1: Ball
3-1: Base on Balls
Dennis Delany to third
Nick Capra to second
Batting: SHB Mike D Young 0-0: Foul Ball, location: 2F
0-1: Swinging Strike
0-2: Ball
1-2: Foul Ball, location: 2F
1-2: Ball
2-2: Ball
3-2: Base on Balls
Dennis Delany scores
Nick Capra to third
Dave C Anderson to second
Batting: LHB Mike Laga 0-0: Called Strike
0-1: Foul Ball, location: 2F
0-2: Ball
1-2: Ball
2-2: Foul Ball, location: 2F
2-2: Ball
3-2: Ground out U3 (Groundball, 3, EV 85.0 MPH)
Top of the 3rd over - 3 runs, 3 hits, 0 errors, 3 left on base; Lakeland 4 - St. Petersburg 0
BOTTOM OF THE 3RD
St. Petersburg Saints batting - Pitching for Lakeland Pilots : RHP Julio Acevedo
Batting: LHB Omar de la Torre 0-0: Ball
1-0: Fly out, F6 (Line Drive, 6, EV 75.0 MPH)
Batting: LHB Al Leboeuf 0-0: Ball
1-0: Foul Ball, location: 2F
1-1: Called Strike
1-2: Ball
2-2: Fly out, F8 (Flyball, 8RD, EV 101.3 MPH)
Batting: LHB Terry Blocker 0-0: Ball
1-0: SINGLE (Flyball, 4D, EV 87.5 MPH)
Batting: RHB Rock Coyle 0-0: 2-RUN HOME RUN (Flyball, 7D, EV 98.1 MPH), Distance : 371 ft
Batting: RHB Ric Despaux 0-0: Ball
1-0: Swinging Strike
1-1: Ball
2-1: Ball
3-1: Called Strike
3-2: Strikes out looking
Bottom of the 3rd over - 2 runs, 2 hits, 0 errors, 0 left on base; Lakeland 4 - St. Petersburg 2
TOP OF THE 4TH
Lakeland Pilots batting - Pitching for St. Petersburg Saints : LHP Gregory Coughlin
Batting: RHB Rusty Tillman 0-0: SINGLE (Groundball, 4D, EV 106.3 MPH)
Batting: LHB Larry Ray 0-0: Ball
1-0: Called Strike
1-1: Foul Ball, location: 2F
1-2: Fly out, F7 (Flyball, 7D, EV 99.4 MPH)
Batting: RHB Vernon Armstead 0-0: SINGLE (Groundball, 56, EV 97.5 MPH) (infield hit)
Rusty Tillman to second
Batting: SHB Alphonso Eiland 0-0: Ball
1-0: Called Strike
1-1: Ball
2-1: Ball
3-1: Base on Balls
Rusty Tillman to third
Vernon Armstead to second
Batting: RHB Dennis Delany 0-0: Foul Ball, location: 2F
0-1: Foul Ball, location: 2F
0-2: Strikes out swinging
Batting: RHB Nick Capra 0-0: Called Strike
0-1: Ball
1-1: Ball
2-1: Swinging Strike
2-2: Ball
Wild Pitch!
Rusty Tillman scores
Vernon Armstead to third
Alphonso Eiland to second
3-2: Foul Ball, location: 2F
3-2: SINGLE (Groundball, 6S, EV 64.4 MPH) (infield hit)
Vernon Armstead scores
Alphonso Eiland to third
Batting: RHB Dave C Anderson 0-0: Ball
1-0: Foul Ball, location: 2F
1-1: Ball
2-1: Ball
3-1: Foul Ball, location: 2F
3-2: Foul Ball, location: 2F
3-2: Foul Ball, location: 2F
3-2: Base on Balls
Nick Capra to second
Pitching: RHP Richard Robinson
Batting: SHB Mike D Young 0-0: Ball
1-0: Swinging Strike
1-1: Ball
2-1: Ball
3-1: SINGLE (Line Drive, 56D, EV 102.5 MPH)
Alphonso Eiland scores
Nick Capra to third
Dave C Anderson to second
Runner from 3rd tries for Home, SAFE, throw by LF to home
Batting: LHB Mike Laga 0-0: Called Strike
0-1: Foul Ball, location: 2F
0-2: Fly out, F7 (Flyball, 78D, EV 98.8 MPH)
Top of the 4th over - 4 runs, 4 hits, 0 errors, 2 left on base; Lakeland 8 - St. Petersburg 2
BOTTOM OF THE 4TH
St. Petersburg Saints batting - Pitching for Lakeland Pilots : RHP Julio Acevedo
Batting: RHB Jerry Johnson 0-0: Ground out 3-1 (Groundball, 34S, EV 67.5 MPH)
Batting: RHB Randy Ingle 0-0: Ball
1-0: Called Strike
1-1: Ball
2-1: Called Strike
2-2: Foul Ball, location: 2F
2-2: Fly out, F3 (Popup, 3SF, EV 78.1 MPH)
Batting: RHB Roberto Alvarez 0-0: Ball
1-0: Ground out U3 (Groundball, 34, EV 111.3 MPH)
Bottom of the 4th over - 0 runs, 0 hits, 0 errors, 0 left on base; Lakeland 8 - St. Petersburg 2
TOP OF THE 5TH
Lakeland Pilots batting - Pitching for St. Petersburg Saints : RHP Richard Robinson
Batting: RHB Rusty Tillman 0-0: Ball
1-0: Called Strike
1-1: DOUBLE (Line Drive, 5D, EV 99.4 MPH)
Batting: LHB Larry Ray 0-0: Ball
1-0: Swinging Strike
1-1: Called Strike
1-2: Ground out 4-3 (Groundball, 4, EV 110.6 MPH)
Rusty Tillman to third
Batting: RHB Vernon Armstead 0-0: Called Strike
0-1: Ball
1-1: Swinging Strike
1-2: Ball
2-2: Strikes out swinging
Batting: SHB Alphonso Eiland 0-0: Ball
1-0: Fly out, F5 (Popup, 5DF, EV 66.3 MPH)
Top of the 5th over - 0 runs, 1 hit, 0 errors, 1 left on base; Lakeland 8 - St. Petersburg 2
BOTTOM OF THE 5TH
St. Petersburg Saints batting - Pitching for Lakeland Pilots : RHP Julio Acevedo
Batting: RHB Pablo Carballo 0-0: Ball
1-0: Called Strike
1-1: Ground out 6-3 (Groundball, 56, EV 104.4 MPH)
Batting: LHB Omar de la Torre 0-0: Called Strike
0-1: Swinging Strike
0-2: Reached on error, E4 (Groundball, 4, EV 90.6 MPH)
Batting: LHB Al Leboeuf 0-0: Called Strike
0-1: Foul Ball, location: 2F
0-2: Ball
Omar de la Torre steals 2nd base
1-2: Foul Ball, location: 2F
1-2: Ball
2-2: SINGLE (Groundball, 34D, EV 103.1 MPH)
Omar de la Torre to third
Runner from 3rd tries for Home, SAFE, throw by RF to home
Batting: LHB Terry Blocker 0-0: Called Strike
0-1: Fielders Choice at 2nd, 4-6 (Groundball, 4, EV 81.3 MPH)
Batting: RHB Rock Coyle 0-0: Foul Ball, location: 2F
0-1: Foul Ball, location: 2F
0-2: Fielders Choice at 2nd, U6 (Groundball, 6M, EV 87.5 MPH)
Bottom of the 5th over - 1 run, 1 hit, 1 error, 1 left on base; Lakeland 8 - St. Petersburg 3
TOP OF THE 6TH
Lakeland Pilots batting - Pitching for St. Petersburg Saints : RHP Richard Robinson
Batting: RHB Dennis Delany 0-0: Called Strike
0-1: Reached on error, E5 (Groundball, 56, EV 86.3 MPH)
Batting: RHB Nick Capra 0-0: Ball
1-0: Fly out, F7 (Flyball, 7LM, EV 106.3 MPH)
Batting: RHB Dave C Anderson 0-0: Ball
1-0: Ball
2-0: Fly out, F4 (Popup, 4MD, EV 75.6 MPH)
Batting: SHB Mike D Young 0-0: Called Strike
Dennis Delany steals 2nd base
0-1: Called Strike
0-2: Ball
1-2: Ball
2-2: Foul Ball, location: 2F
2-2: Strikes out swinging
Top of the 6th over - 0 runs, 0 hits, 1 error, 1 left on base; Lakeland 8 - St. Petersburg 3
BOTTOM OF THE 6TH
St. Petersburg Saints batting - Pitching for Lakeland Pilots : RHP Julio Acevedo
Batting: RHB Ric Despaux 0-0: SOLO HOME RUN (Flyball, 78XD, EV 101.3 MPH), Distance : 418 ft
Pitching: RHP Tim Scott
Batting: RHB Jerry Johnson 0-0: Ball
1-0: Ball
2-0: Called Strike
2-1: Ground out 6-3 (Groundball, 6, EV 83.1 MPH)
Batting: RHB Randy Ingle 0-0: Called Strike
0-1: Ball
1-1: Ground out 6-3 (Groundball, 6, EV 102.5 MPH)
Batting: RHB Roberto Alvarez 0-0: Ball
1-0: Ball
2-0: DOUBLE (Line Drive, 9LM, EV 107.5 MPH) - OUT at third base trying to stretch hit.
Bottom of the 6th over - 1 run, 2 hits, 0 errors, 0 left on base; Lakeland 8 - St. Petersburg 4
TOP OF THE 7TH
Lakeland Pilots batting - Pitching for St. Petersburg Saints : RHP Richard Robinson
Pitching: LHP James Haight
Batting: LHB Mike Laga 0-0: Ball
1-0: Fly out, F6 (Popup, 6M, EV 73.1 MPH)
Batting: RHB Rusty Tillman 0-0: Swinging Strike
0-1: Ball
1-1: Called Strike
1-2: Fly out, F3 (Popup, 3F, EV 69.4 MPH)
Batting: LHB Larry Ray 0-0: Foul Ball, location: 2F
0-1: Ball
1-1: Ball
2-1: Called Strike
2-2: Ball
3-2: Ground out 1-3 (Groundball, 13S, EV 76.9 MPH)
Top of the 7th over - 0 runs, 0 hits, 0 errors, 0 left on base; Lakeland 8 - St. Petersburg 4
BOTTOM OF THE 7TH
St. Petersburg Saints batting - Pitching for Lakeland Pilots : RHP Tim Scott
Batting: RHB Pablo Carballo 0-0: Ball
1-0: Called Strike
1-1: Ball
2-1: Ball
3-1: Foul Ball, location: 2F
3-2: Base on Balls
Batting: LHB Omar de la Torre 0-0: Called Strike
0-1: Called Strike
0-2: Ball
1-2: Ball
2-2: Ball
3-2: Fielders Choice at 2nd, 6-4 (Groundball, 56, EV 86.9 MPH)
Batting: LHB Al Leboeuf 0-0: Called Strike
0-1: Ball
Omar de la Torre steals 2nd, throwing error, E2
Omar de la Torre to third
1-1: Ball
2-1: Swinging Strike
2-2: Ball
3-2: Base on Balls
Batting: LHB Terry Blocker 0-0: Called Strike
0-1: SINGLE (Groundball, 6MD, EV 95.6 MPH)
Omar de la Torre scores
Al Leboeuf to second
Batting: RHB Rock Coyle 0-0: Foul Ball, location: 2F
0-1: Ball
1-1: Fly out, F2 (Popup, 2L, EV 98.1 MPH)
Batting: RHB Ric Despaux 0-0: Ground out 3-1 (Groundball, 34S, EV 81.9 MPH)
Bottom of the 7th over - 1 run, 1 hit, 1 error, 2 left on base; Lakeland 8 - St. Petersburg 5
TOP OF THE 8TH
Lakeland Pilots batting - Pitching for St. Petersburg Saints : LHP James Haight
Batting: RHB Vernon Armstead 0-0: Called Strike
0-1: Fly out, F9 (Flyball, 89M, EV 80.6 MPH)
Batting: SHB Alphonso Eiland 0-0: Called Strike
0-1: Foul Ball, location: 2F
0-2: SINGLE (Line Drive, 7S, EV 93.1 MPH)
Batting: RHB Dennis Delany 0-0: Ball
1-0: Swinging Strike
1-1: Swinging Strike
1-2: Ball
2-2: Ball
3-2: Base on Balls
Alphonso Eiland to second
Batting: RHB Nick Capra 0-0: Ball
1-0: Swinging Strike
1-1: SINGLE (Line Drive, 78S, EV 100.0 MPH)
Alphonso Eiland to third
Dennis Delany to second
Pitching: RHP Michael Nedelisky
Batting: RHB Dave C Anderson 0-0: Fly out, F8 (Flyball, 8RXD, EV 101.3 MPH)
Runner from 3rd tags up, SCORES, no throw by CF
Dennis Delany to third
Batting: SHB Mike D Young 0-0: Ball
1-0: Ball
2-0: Foul Ball, location: 2F
2-1: Ball
Nick Capra steals 2nd base (no throw)
3-1: Base on Balls
Batting: LHB Mike Laga 0-0: Swinging Strike
0-1: DOUBLE (Line Drive, 9LM, EV 110.0 MPH)
Dennis Delany scores
Nick Capra scores
Mike D Young to third
Batting: RHB Rusty Tillman 0-0: DOUBLE (Flyball, 8RXD, EV 98.1 MPH)
Mike D Young scores
Mike Laga scores
Batting: LHB Larry Ray 0-0: Fly out, F7 (Flyball, 7LD, EV 88.8 MPH)
Top of the 8th over - 5 runs, 4 hits, 0 errors, 1 left on base; Lakeland 13 - St. Petersburg 5
BOTTOM OF THE 8TH
St. Petersburg Saints batting - Pitching for Lakeland Pilots : RHP Tim Scott
Batting: RHB Jerry Johnson 0-0: Ball
1-0: Foul Ball, location: 2F
1-1: Ball
2-1: Ball
3-1: Ground out 6-3 (Groundball, 56, EV 86.3 MPH)
Batting: RHB Randy Ingle 0-0: Ball
1-0: Called Strike
1-1: Foul Ball, location: 2F
1-2: Strikes out swinging
Batting: RHB Roberto Alvarez 0-0: Ball
1-0: Ball
2-0: Swinging Strike
2-1: Called Strike
2-2: Ball
3-2: Base on Balls
Batting: RHB Pablo Carballo 0-0: Ball
1-0: Ball
2-0: Called Strike
2-1: Ball
3-1: Foul Ball, location: 2F
3-2: Strikes out swinging
Bottom of the 8th over - 0 runs, 0 hits, 0 errors, 1 left on base; Lakeland 13 - St. Petersburg 5
TOP OF THE 9TH
Lakeland Pilots batting - Pitching for St. Petersburg Saints : RHP Michael Nedelisky
Pitching: RHP Edgardo Santana
Batting: RHB Vernon Armstead 0-0: Fly out, F9 (Flyball, 9D, EV 94.4 MPH)
Batting: SHB Alphonso Eiland 0-0: Ball
1-0: Called Strike
1-1: SINGLE (Line Drive, 9LS, EV 94.4 MPH)
Batting: RHB Dennis Delany 0-0: Called Strike
0-1: Foul Ball, location: 2F
0-2: Ball
1-2: Fly out, F6 (Popup, P, EV 76.9 MPH)
Pinch Hitting: RHB Eugeniuo Cotes 0-0: Ball
1-0: SINGLE (Groundball, 5S, EV 65.0 MPH) (infield hit)
Alphonso Eiland to second
Batting: RHB Dave C Anderson 0-0: Ball
1-0: Called Strike
1-1: Swinging Strike
1-2: Ball
2-2: SINGLE (Flyball, 89S, EV 96.9 MPH)
Alphonso Eiland to third
Eugeniuo Cotes to second
Runner from 3rd tries for Home, SAFE, throw by RF to home
Pinch Hitting: RHB Vern Thomas 0-0: Ball
1-0: Foul Ball, location: 2F
1-1: Fielders Choice at 2nd, 6-4 (Groundball, 6, EV 80.6 MPH)
Top of the 9th over - 1 run, 3 hits, 0 errors, 2 left on base; Lakeland 14 - St. Petersburg 5
BOTTOM OF THE 9TH
St. Petersburg Saints batting - Pitching for Lakeland Pilots : RHP Tim Scott
Pitching: RHP Don Cooper
Now at 3B: Eugeniuo Cotes
Now in RF: Joseph Scherger
Batting: LHB Omar de la Torre 0-0: Ball
1-0: Called Strike
1-1: Ball
2-1: DOUBLE (Groundball, 3L, EV 93.8 MPH)
Pinch Hitting: LHB Thomas Langham 0-0: Called Strike
0-1: Ball
1-1: Ball
2-1: Foul Ball, location: 2F
2-2: Ball
3-2: Ground out 5-3 (Groundball, 56, EV 104.4 MPH)
Pinch Hitting: RHB Bill Hill 0-0: Ball
1-0: Fly out, F8 (Line Drive, 8RD, EV 89.4 MPH)
Batting: RHB Rock Coyle 0-0: Swinging Strike
0-1: Foul Ball, location: 2F
0-2: Ball
1-2: Ball
2-2: Strikes out looking
Bottom of the 9th over - 0 runs, 1 hit, 0 errors, 1 left on base; Lakeland 14 - St. Petersburg 5
Thursday, August 13th, 2020 - OOTP Baseball 21.5 Build 76